Match 45356167
Unlisted

Match 45356167
End
Pioneer Squad
Construct Infanterie Kompanie
Grenadier Squad
Selects Breakthrough Battlegroup
Selects Assault Grenadiers
MG 42 Machine Gun Team
Grenadier Squad
Construct Panzergrenadier Kompanie
Selects Breakthrough
Medical Station
Panzergrenadier Squad
Selects Rapid Production
Panzergrenadier Squad
Pak 40 Anti-tank Gun Team
Construct Panzer Kompanie
Selects Blitzkrieg
Panzer IV Medium Tank
Stoßtruppen Squad
pagep
7k this year for sure
Cpt. Colter Stevens
Ashur
0
0

Comments sign in to comment!

No comments posted yet!